[Event "Titled Tuesday Blitz September 27 Early 2022"]
[White "Lahdelma, Henri"]
[Black "Xu, Yi"]
[WhiteFideId "510394"]
[BlackFideId "8605564"]
[WhiteElo "2210"]
[BlackElo "2471"]
[Result "0-1"]
[Round "11"]
[TimeControl "180+1"]
[Date "2022.09.27"]
[WhiteClock "0:02:59"]
[BlackClock "0:02:18"]

1. d4 Nf6 2. c4 e6 3. Nf3 d5 4. g3 Bb4+ 5. Bd2 Be7 6. Bf4 O-O 7. Bg2 dxc4 8. Qc2 Nd5 9. Qxc4 Nxf4 10. gxf4 Nd7 11. Nc3 a6 12. a4 b5 13. axb5 axb5 0-1


[Site "https://www.chess.com"]

[Event "Titled Tuesday Blitz September 27 Early 2022"]
[White "Lauridsen, Jesper Morch"]
[Black "Zenin, Dmitry"]
[WhiteFideId "1401890"]
[BlackFideId "4127897"]
[WhiteElo "2268"]
[BlackElo "2215"]
[Result "1/2-1/2"]
[Round "11"]
[TimeControl "180+1"]
[Date "2022.09.27"]
[WhiteClock "0:00:48"]
[BlackClock "0:01:22"]

1. e4 e5 2. Nf3 Nc6 3. Bb5 a6 4. Bxc6 dxc6 5. O-O f6 6. d4 exd4 7. Nxd4 c5 8. Ne2 Qxd1 9. Rxd1 Bg4 10. f3 Be6 11. Nf4 Bf7 12. Nd5 O-O-O 13. Bf4 Bd6 14. Bxd6 cxd6 15. Nbc3 b5 16. Rd2 b4 17. Na4 Kb7 18. Rad1 Kc6 19. c3 a5 20. a3 bxa3 21. bxa3 Bxd5 22. exd5+ Kb5 23. Nb2 Ne7 24. Re1 Ng6 25. a4+ Ka6 26. Nc4 Ne5 27. Nxe5 fxe5 28. Rb2 Rb8 29. Reb1 Rxb2 30. Rxb2 Rf8 31. Kf2 Rf4 32. Ra2 Rf7 33. Rb2 Rf4 34. Ra2 Rf7 35. Rb2 Rf4 1/2-1/2


[Site "https://www.chess.com"]

[Event "Titled Tuesday Blitz September 27 Early 2022"]
[White "Le, Tuan Minh"]
[Black "Sipila, Vilka"]
[WhiteFideId "12401153"]
[BlackFideId "505455"]
[WhiteElo "2530"]
[BlackElo "2329"]
[Result "1-0"]
[Round "11"]
[TimeControl "180+1"]
[Date "2022.09.27"]
[WhiteClock "0:02:46"]
[BlackClock "0:02:43"]

1. d4 f5 2. e4 fxe4 3. Nc3 Nf6 4. Bg5 Nc6 5. d5 Ne5 6. Qd4 Nf7 7. Bxf6 exf6 8. O-O-O f5 9. f3 Qg5+ 10. Kb1 Bd6 11. fxe4 Be5 12. Qc4 Nd6 13. Qxc7 Nb5 14. Qxe5+ 1-0


[Site "https://www.chess.com"]

[Event "Titled Tuesday Blitz September 27 Early 2022"]
[White "Luxama, Jacques Muller"]
[Black "Zaichenko, Daria"]
[WhiteFideId "11900113"]
[BlackFideId "4197453"]
[WhiteElo "1931"]
[BlackElo "2039"]
[Result "1/2-1/2"]
[Round "11"]
[TimeControl "180+1"]
[Date "2022.09.27"]
[WhiteClock "0:00:07"]
[BlackClock "0:00:17"]

1. e4 c5 2. Nc3 Nc6 3. Bb5 d6 4. Bxc6+ bxc6 5. f4 f5 6. d3 Nf6 7. Nf3 e6 8. O-O Be7 9. Qe1 O-O 10. e5 dxe5 11. Nxe5 Bb7 12. Nxc6 Bxc6 13. Qxe6+ Rf7 14. Qxc6 Qd4+ 15. Kh1 Re8 16. Bd2 Ng4 17. h3 Rd8 18. hxg4 Rf6 19. Qxf6 Bxf6 20. g5 Be7 21. Rae1 Kf7 22. Re2 h6 23. gxh6 Rh8 24. g3 Rxh6+ 25. Kg2 Qd6 26. Re5 Qc6+ 27. Nd5 Re6 28. Rfe1 Rxe5 29. Rxe5 Bd6 30. Rxf5+ Ke6 31. Rg5 c4 32. Bc3 cxd3 33. cxd3 Qa4 34. Kh3 Qd1 35. d4 Qh1+ 36. Kg4 Qd1+ 37. Kh3 Qh1+ 38. Kg4 Qe4 39. a3 Qe2+ 40. Kh3 Qf1+ 41. Kg4 Qe2+ 42. Kh3 Qf1+ 43. Kg4 Qd1+ 44. Kh3 Qh1+ 45. Kg4 Qd1+ 46. Kh3 Qh1+ 47. Kg4 Qd1+ 1/2-1/2


[Site "https://www.chess.com"]

[Event "Titled Tuesday Blitz September 27 Early 2022"]
[White "Madaminov, Mukhiddin"]
[Black "Ernst, Sipke"]
[WhiteFideId "14210703"]
[BlackFideId "1004689"]
[WhiteElo "2106"]
[BlackElo "2436"]
[Result "1-0"]
[Round "11"]
[TimeControl "180+1"]
[Date "2022.09.27"]
[WhiteClock "0:00:16"]
[BlackClock "0:00:13"]

1. d4 d5 2. Nc3 c6 3. Bf4 Nf6 4. e3 e6 5. Nf3 Nbd7 6. Bd3 Be7 7. h3 b6 8. Ne2 Bb7 9. O-O c5 10. c3 O-O 11. a4 a6 12. Ne5 Nxe5 13. Bxe5 Ne4 14. Bh2 Qc8 15. Nc1 Bc6 16. a5 b5 17. Bxe4 dxe4 18. Nb3 Bd5 19. Nxc5 Bxc5 20. dxc5 Qxc5 21. Qd4 Qxd4 22. cxd4 Rfc8 23. Rfc1 Bc4 24. Bd6 Rc6 25. Bc5 Rac8 26. b4 f6 27. Kh2 Bd5 28. Kg3 Kf7 29. Rh1 h5 30. f3 g5 31. h4 g4 32. fxg4 Rg8 33. g5 fxg5 34. Raf1+ Ke8 35. hxg5 Rxg5+ 36. Kf4 Rf5+ 37. Kg3 Rg5+ 38. Kh4 Rxg2 39. Rf8+ Kd7 40. Rd1 Rc8 41. Rf7+ Kc6 42. Bf8 Rg8 43. Rc1+ Bc4 44. Bg7 Rc7 45. Rxc7+ Kxc7 46. Rg1 Kc6 47. Kxh5 Kd5 48. Rg5+ Kc6 49. Rc5+ Kb7 50. Kg6 Rc8 51. Rh5 Bd5 52. Kf6 Rc3 53. Rh7 Kc6 54. Bh6 Bb3 55. Ke5 Rc1 56. Ra7 Rc4 57. Bf8 Rc3 58. Bd6 Rxe3 59. d5+ 1-0


[Site "https://www.chess.com"]

[Event "Titled Tuesday Blitz September 27 Early 2022"]
[White "Maksimenko, Viktor"]
[Black "Visakh N R"]
[WhiteFideId "13710478"]
[BlackFideId "25012223"]
[WhiteElo "2269"]
[BlackElo "2448"]
[Result "1/2-1/2"]
[Round "11"]
[TimeControl "180+1"]
[Date "2022.09.27"]
[WhiteClock "0:00:57"]
[BlackClock "0:01:42"]

1. d4 Nf6 2. c4 g6 3. Nc3 d5 4. cxd5 Nxd5 5. e4 Nxc3 6. bxc3 Bg7 7. Nf3 c5 8. Bb5+ Nc6 9. O-O O-O 10. Rb1 cxd4 11. Bxc6 bxc6 12. cxd4 Bg4 13. Be3 Bxf3 14. gxf3 Qd7 15. Kg2 Rfd8 16. Qa4 Bxd4 17. Bxd4 Qxd4 18. Qxd4 Rxd4 19. Rb7 Kf8 20. Rc1 Rd6 21. Rc7 Rb8 22. R1xc6 Rxc6 23. Rxc6 Rb7 24. Rc8+ Kg7 25. Kg3 f6 26. Rc6 Kf7 27. Ra6 Rc7 28. Kf4 g5+ 29. Ke3 h5 30. Ra3 Rd7 31. f4 gxf4+ 32. Kxf4 Kg6 33. Rg3+ Kf7 34. Ra3 Kg6 35. Rg3+ Kf7 36. Ra3 1/2-1/2


[Site "https://www.chess.com"]

[Event "Titled Tuesday Blitz September 27 Early 2022"]
[White "Malyi, Viacheslav"]
[Black "Vogel, Roven"]
[WhiteFideId "14123983"]
[BlackFideId "12908088"]
[WhiteElo "2190"]
[BlackElo "2501"]
[Result "0-1"]
[Round "11"]
[TimeControl "180+1"]
[Date "2022.09.27"]
[WhiteClock "0:00:29"]
[BlackClock "0:00:49"]

1. e4 c5 2. Nf3 d6 3. d4 cxd4 4. Nxd4 Nf6 5. Nc3 Nc6 6. Rg1 e5 7. Nb3 h5 8. h3 h4 9. Be3 Be6 10. Qd2 d5 11. exd5 Nxd5 12. Nxd5 Qxd5 13. Qxd5 Bxd5 14. O-O-O O-O-O 15. Be2 Be7 16. c3 b6 17. c4 Be6 18. Rxd8+ Rxd8 19. Rd1 Rxd1+ 20. Kxd1 f5 21. f3 g5 22. Kc1 Kc7 23. Nd2 Nd4 24. Bxd4 exd4 25. Bd3 Bd6 26. Kc2 Bf4 27. Nb3 Be3 28. a3 Kd6 29. Kd1 Ke5 30. Ke2 Kf4 31. Na1 Bc1 32. b4 Bxa3 33. Nc2 Bb2 34. c5 bxc5 35. bxc5 a5 36. c6 Ke5 37. Bb5 Kd6 38. Kd3 Kc5 39. Ba4 Bc4+ 40. Kd2 Bc3+ 41. Kd1 d3 42. Ne1 Kd6 43. f4 g4 44. hxg4 fxg4 45. f5 h3 46. gxh3 gxh3 47. Nf3 Bd5 48. Nh2 Bxc6 49. Bxc6 Kxc6 50. Ng4 a4 51. f6 Bxf6 0-1


[Site "https://www.chess.com"]

[Event "Titled Tuesday Blitz September 27 Early 2022"]
[White "Manukian, Artak"]
[Black "Barash, Anton"]
[WhiteFideId "13301373"]
[BlackFideId "30935229"]
[WhiteElo "2509"]
[BlackElo "2289"]
[Result "1-0"]
[Round "11"]
[TimeControl "180+1"]
[Date "2022.09.27"]
[WhiteClock "0:02:48"]
[BlackClock "0:02:11"]

1. e4 e6 2. d4 d5 3. e5 c5 4. c3 Nc6 5. Nf3 Qb6 6. a3 Nh6 7. b4 cxd4 8. cxd4 Nf5 9. Bb2 Bd7 10. g4 Nfe7 11. Nc3 f6 12. Na4 Qd8 13. Nc5 b6 14. Nb7 Qb8 15. Nd6+ Kd8 16. Nf7+ 1-0


[Site "https://www.chess.com"]

[Event "Titled Tuesday Blitz September 27 Early 2022"]
[White "Marin Ramirez, Gerardo"]
[Black "Player, Edmund C"]
[WhiteFideId "3901068"]
[BlackFideId "406520"]
[WhiteElo "1920"]
[BlackElo "2092"]
[Result "0-1"]
[Round "11"]
[TimeControl "180+1"]
[Date "2022.09.27"]
[WhiteClock "0:00:02"]
[BlackClock "0:00:10"]

1. d4 Nf6 2. Nf3 g6 3. g3 Bg7 4. Bg2 d5 5. O-O O-O 6. h3 c5 7. dxc5 Nc6 8. c4 dxc4 9. Qa4 Be6 10. Ng5 Bf5 11. Qxc4 Qd4 12. Na3 Rad8 13. Qb3 Qxc5 14. Be3 Nd4 15. Bxd4 Rxd4 16. Rac1 Qb4 17. Qxb4 Rxb4 18. b3 h6 19. Nf3 Be4 20. Nc4 Rc8 21. Ncd2 Rxc1 22. Rxc1 Bc6 23. Ne5 Bxg2 24. Kxg2 Ne4 25. Nd3 Rd4 26. Nxe4 Rxe4 27. Kf3 Re6 28. Rc7 Ra6 0-1


[Site "https://www.chess.com"]

[Event "Titled Tuesday Blitz September 27 Early 2022"]
[White "Martinez Alcantara, Jose Eduardo"]
[Black "Svane, Rasmus"]
[WhiteFideId "3805662"]
[BlackFideId "4657101"]
[WhiteElo "2703"]
[BlackElo "2674"]
[Result "1-0"]
[Round "11"]
[TimeControl "180+1"]
[Date "2022.09.27"]
[WhiteClock "0:02:08"]
[BlackClock "0:00:17"]

1. e4 c6 2. d4 d5 3. e5 Bf5 4. h4 h5 5. Bd3 Bxd3 6. Qxd3 Qa5+ 7. b4 Qa6 8. e6 Qxd3 9. cxd3 Nh6 10. Bxh6 Rxh6 11. exf7+ Kxf7 12. Nd2 a5 13. bxa5 Rxa5 14. Ngf3 Nd7 15. O-O e6 16. a4 Bb4 17. Rfb1 c5 18. dxc5 Bxd2 19. Nxd2 Nxc5 20. d4 Rxa4 21. dxc5 Rxa1 22. Rxa1 e5 23. Ra7 d4 24. Rxb7+ Ke6 25. c6 Kd5 26. c7 Rc6 27. Rb5+ Ke6 28. Nf3 Rxc7 29. Rxe5+ Kf6 30. Rd5 1-0


[Site "https://www.chess.com"]

[Event "Titled Tuesday Blitz September 27 Early 2022"]
[White "Matt, Fabian"]
[Black "Adewumi, Tanitoluwa"]
[WhiteFideId "1623303"]
[BlackFideId "30966396"]
[WhiteElo "2287"]
[BlackElo "2569"]
[Result "0-1"]
[Round "11"]
[TimeControl "180+1"]
[Date "2022.09.27"]
[WhiteClock "0:00:14"]
[BlackClock "0:00:25"]

1. Nf3 Nf6 2. c4 Nc6 3. d4 e6 4. g3 d5 5. cxd5 exd5 6. Bg2 Bb4+ 7. Nc3 O-O 8. O-O Re8 9. Bg5 Bxc3 10. bxc3 h6 11. Bf4 Ne4 12. Rc1 Nd6 13. Ne5 f6 14. Bxd5+ Be6 15. Bxe6+ Rxe6 16. d5 fxe5 17. Be3 Rf6 18. dxc6 bxc6 19. Qb3+ Kh8 20. Rfd1 Qd7 21. Bc5 Raf8 22. Qb4 Qh3 23. f3 e4 24. f4 e3 25. Rxd6 cxd6 26. Bxd6 Re8 27. Rd1 Qg4 28. Be5 Qxe2 29. Rf1 Rf7 30. Qd6 Kh7 31. Qxc6 Rxe5 0-1


[Site "https://www.chess.com"]

[Event "Titled Tuesday Blitz September 27 Early 2022"]
[White "Matveeva, Olga"]
[Black "Baches Garcia, Guillermo"]
[WhiteFideId "24107018"]
[BlackFideId "2209764"]
[WhiteElo "2056"]
[BlackElo "2398"]
[Result "0-1"]
[Round "11"]
[TimeControl "180+1"]
[Date "2022.09.27"]
[WhiteClock "0:00:22"]
[BlackClock "0:00:43"]

1. d4 e6 2. c4 c5 3. d5 exd5 4. cxd5 d6 5. Nc3 g6 6. e4 Bg7 7. h3 Ne7 8. Nf3 h6 9. Bd3 g5 10. O-O Ng6 11. Qc2 O-O 12. Ne2 Nd7 13. Ng3 Nde5 14. Nxe5 Bxe5 15. Nh5 Nf4 16. Nxf4 gxf4 17. f3 Qf6 18. Rb1 Kh7 19. b4 Rg8 20. Kh1 Bxh3 21. gxh3 Rg3 22. Rf2 Rag8 23. Ba3 Qg5 24. Qd1 Rxh3+ 25. Rh2 Qg2# 0-1


[Site "https://www.chess.com"]

[Event "Titled Tuesday Blitz September 27 Early 2022"]
[White "Maung, Maung Kyaw Zaw Hein"]
[Black "Roque Sola, Gisela"]
[WhiteFideId "13001698"]
[BlackFideId "5120241"]
[WhiteElo "1785"]
[BlackElo "1845"]
[Result "0-1"]
[Round "11"]
[TimeControl "180+1"]
[Date "2022.09.27"]
[WhiteClock "0:00:08"]
[BlackClock "0:00:15"]

1. Nf3 Nf6 2. c4 e6 3. Nc3 Be7 4. d4 d5 5. Bf4 O-O 6. e3 c6 7. Bd3 dxc4 8. Bxc4 b5 9. Bd3 Bb7 10. O-O a5 11. Rc1 a4 12. Ne4 Na6 13. Nc5 Nxc5 14. dxc5 Nd5 15. Bg3 a3 16. b3 Re8 17. Qe2 Bf6 18. Rfd1 Qc8 19. Be5 h6 20. e4 Bxe5 21. Nxe5 Nf6 22. f4 b4 23. g4 Ba6 24. h4 Bxd3 25. Rxd3 Qa6 26. Nc4 Red8 27. Nd6 Nd7 28. Qe3 e5 29. f5 Nf6 30. g5 hxg5 31. hxg5 Ne8 32. Rcd1 Nxd6 33. cxd6 Rd7 34. g6 fxg6 35. fxg6 Qa7 36. Kg2 Qxe3 37. Rxe3 Re8 38. Rf3 Re6 39. Rdf1 Rxg6+ 40. Kh2 Rgxd6 41. Rf5 Rd2+ 42. Kh3 Rxa2 43. Rf8+ Kh7 44. Kg4 Rh2 45. Kf5 a2 46. Ra8 Rf7+ 0-1


[Site "https://www.chess.com"]

[Event "Titled Tuesday Blitz September 27 Early 2022"]
[White "Mirzoev, Azer"]
[Black "Mickiewicz, Piotr"]
[WhiteFideId "13400304"]
[BlackFideId "1114891"]
[WhiteElo "2525"]
[BlackElo "2246"]
[Result "1-0"]
[Round "11"]
[TimeControl "180+1"]
[Date "2022.09.27"]
[WhiteClock "0:00:25"]
[BlackClock "0:00:18"]

1. Nf3 Nf6 2. c4 e6 3. Nc3 c5 4. e3 Be7 5. d4 cxd4 6. exd4 d5 7. a3 O-O 8. c5 Nc6 9. b4 Ne4 10. Bb2 f5 11. Be2 Bf6 12. O-O Bd7 13. b5 Ne7 14. a4 g5 15. Ne1 Ng6 16. Nc2 Be8 17. f3 Nxc3 18. Bxc3 Rc8 19. Qd2 Nf4 20. Rfe1 Bg6 21. Bf1 Qd7 22. Rac1 Nh5 23. Nb4 Ng7 24. c6 bxc6 25. Nxc6 f4 26. Bb4 Rfe8 27. Bc5 Nf5 28. Qa5 Rc7 29. Qd2 Rec8 30. Ne5 Bxe5 31. Rxe5 h6 32. Rce1 Kf7 33. Bd3 Nh4 34. h3 Bxd3 35. Qxd3 Ng6 36. Rxe6 Nh4 37. Qh7# 1-0


[Site "https://www.chess.com"]

[Event "Titled Tuesday Blitz September 27 Early 2022"]
[White "Miszler, Levente"]
[Black "Bilych, Olexiy"]
[WhiteFideId "763276"]
[BlackFideId "14156504"]
[WhiteElo "1966"]
[BlackElo "2157"]
[Result "0-1"]
[Round "11"]
[TimeControl "180+1"]
[Date "2022.09.27"]
[WhiteClock "0:00:07"]
[BlackClock "0:01:18"]

1. e4 e5 2. Nf3 Nc6 3. Bc4 Bc5 4. c3 Nf6 5. d4 exd4 6. b4 Bb6 7. e5 Ne4 8. Bd5 Nxc3 9. Nxc3 dxc3 10. b5 Ne7 11. Bg5 h6 12. Bh4 g5 13. Nxg5 hxg5 14. Bxg5 d6 15. Qf3 Be6 16. Bxb7 d5 17. Bc6+ Nxc6 18. Bxd8 Nxd8 19. Qxc3 c5 20. bxc6 Rc8 21. O-O Nxc6 22. Rac1 Kd7 23. Rfd1 Nd4 24. Qd3 Bg4 25. Rxc8 Rxc8 26. Re1 Bf5 27. Qa6 Be6 28. Qa4+ Nc6 29. Rc1 d4 30. h3 Bd5 31. Qb5 Ke6 32. Qe2 Rg8 33. Kh2 Rxg2+ 34. Kh1 Rxf2+ 0-1


[Site "https://www.chess.com"]

[Event "Titled Tuesday Blitz September 27 Early 2022"]
[White "Mitrovic, Darko R"]
[Black "Dmitrenko, Viktor"]
[WhiteFideId "927023"]
[BlackFideId "14110270"]
[WhiteElo "2150"]
[BlackElo "2235"]
[Result "1-0"]
[Round "11"]
[TimeControl "180+1"]
[Date "2022.09.27"]
[WhiteClock "0:00:44"]
[BlackClock "0:00:12"]

1. d4 e6 2. c4 Nf6 3. Nf3 Bb4+ 4. Bd2 a5 5. g3 b6 6. Bg2 Bb7 7. O-O O-O 8. a3 Be7 9. b3 Ne4 10. Nc3 Nxd2 11. Qxd2 d6 12. e4 Nd7 13. b4 c5 14. bxc5 bxc5 15. d5 Bf6 16. Rab1 Ba6 17. Nb5 Nb6 18. dxe6 Nxc4 19. exf7+ Kh8 20. Qa2 Ne5 21. Rfd1 Bxb5 22. Rxb5 Nxf3+ 23. Bxf3 Bd4 24. e5 Ra7 25. e6 Qf6 26. Bd5 Rc7 27. Rdb1 g6 28. Rb7 Rcc8 29. e7 1-0


[Site "https://www.chess.com"]

[Event "Titled Tuesday Blitz September 27 Early 2022"]
[White "Namitbir Singh Walia"]
[Black "Song, Julien"]
[WhiteFideId "35071068"]
[BlackFideId "659487"]
[WhiteElo "1664"]
[BlackElo "2225"]
[Result "0-1"]
[Round "11"]
[TimeControl "180+1"]
[Date "2022.09.27"]
[WhiteClock "0:01:29"]
[BlackClock "0:00:42"]

1. d4 d5 2. c4 e6 3. g3 Nf6 4. Bg2 a6 5. Nf3 dxc4 6. Ne5 Bb4+ 7. Nc3 Nd5 8. Bd2 b5 9. O-O Bxc3 10. bxc3 Bb7 11. Qc2 O-O 12. a4 c6 13. e4 Nb6 14. Rfb1 N8d7 15. f4 Nxe5 16. fxe5 Qc7 17. a5 Nd7 18. Bf4 c5 19. Qd2 cxd4 20. cxd4 Rac8 21. Qc3 Rfd8 22. d5 Nf8 23. Bd2 Ng6 24. d6 Qc5+ 25. Be3 Qxe5 26. Bd4 Qxd6 27. Bxg7 e5 28. Bh6 Qd4+ 29. Qxd4 exd4 0-1


[Site "https://www.chess.com"]

[Event "Titled Tuesday Blitz September 27 Early 2022"]
[White "Narayanan, Srinath"]
[Black "Bilan, Danila"]
[WhiteFideId "5018420"]
[BlackFideId "24161918"]
[WhiteElo "2459"]
[BlackElo "2164"]
[Result "0-1"]
[Round "11"]
[TimeControl "180+1"]
[Date "2022.09.27"]
[WhiteClock "0:01:32"]
[BlackClock "0:00:15"]

1. Nf3 d5 2. e3 Nf6 3. c4 c6 4. b3 Bg4 5. Bb2 e6 6. Be2 Nbd7 7. O-O Bd6 8. Nc3 O-O 9. d4 Rc8 10. a3 Re8 11. Qc2 Bb8 12. h3 Bh5 13. Rad1 Qc7 14. g3 Bg6 15. Bd3 Bh5 16. Be2 Bg6 17. Qd2 Ne4 18. Nxe4 Bxe4 19. Ne1 Nf6 20. Bd3 h5 21. Ng2 Bf3 22. Rde1 Ne4 23. Bxe4 dxe4 24. d5 cxd5 25. cxd5 Qc2 26. Qxc2 Rxc2 27. Bd4 e5 28. Ba1 Rec8 29. Nh4 Be2 30. Nf5 Kf8 31. d6 Bxf1 32. Bxe5 Bxh3 33. Bxg7+ Kg8 34. d7 Bxf5 35. dxc8=Q+ Bxc8 36. Bf6 Bg4 37. b4 Kh7 38. Rb1 Kg6 39. Bd4 Kf5 40. b5 b6 41. a4 Be5 42. a5 Bxd4 43. exd4 Rd2 44. a6 Rd1+ 45. Rxd1 Bxd1 46. Kf1 Ke6 47. Ke1 Ba4 48. Kd2 Bxb5 49. Ke3 f5 50. Kf4 Bxa6 51. Kg5 Be2 52. Kf4 Bg4 53. Ke3 Kd5 54. Kd2 b5 55. Kc3 a5 56. Kb3 Kxd4 0-1


[Site "https://www.chess.com"]

[Event "Titled Tuesday Blitz September 27 Early 2022"]
[White "Navarrete Mendez, Gonzalo Alberto"]
[Black "Gracia Alvarez, Gerardo Antonio"]
[WhiteFideId "5106850"]
[BlackFideId "5109124"]
[WhiteElo "2261"]
[BlackElo "2139"]
[Result "1-0"]
[Round "11"]
[TimeControl "180+1"]
[Date "2022.09.27"]
[WhiteClock "0:00:31"]
[BlackClock "0:01:11"]

1. e4 c5 2. Nf3 Nc6 3. Nc3 g6 4. Bc4 Bg7 5. O-O d6 6. d3 Nf6 7. h3 O-O 8. a3 a6 9. Ba2 b5 10. Be3 Nd7 11. Qd2 Bb7 12. Rae1 Nde5 13. Nh2 Nd4 14. f4 Nec6 15. Nd1 b4 16. c3 bxc3 17. bxc3 Nb5 18. a4 Nc7 19. f5 Ne5 20. d4 cxd4 21. cxd4 Nd7 22. Bh6 Nf6 23. Nf2 d5 24. e5 Ne4 25. Nxe4 dxe4 26. Bxg7 Kxg7 27. f6+ exf6 28. exf6+ Kh8 29. Qh6 Qxd4+ 30. Kh1 Rg8 31. Bxf7 Nd5 32. Bxg8 Rxg8 33. f7 1-0


[Site "https://www.chess.com"]

[Event "Titled Tuesday Blitz September 27 Early 2022"]
[White "Orlov, Georgi"]
[Black "Hambleton, Aman"]
[WhiteFideId "2011271"]
[BlackFideId "2606577"]
[WhiteElo "2581"]
[BlackElo "2538"]
[Result "0-1"]
[Round "11"]
[TimeControl "180+1"]
[Date "2022.09.27"]
[WhiteClock "0:01:53"]
[BlackClock "0:00:34"]

1. d4 e5 2. dxe5 Nc6 3. Nf3 Qe7 4. Nc3 Nxe5 5. Nd5 Nxf3+ 6. gxf3 Qd8 7. Rg1 d6 8. Bg5 Be7 9. Bxe7 Nxe7 10. Rxg7 Nxd5 11. Qxd5 Qf6 12. Qg5 Qxb2 13. Rd1 Qc3+ 14. Rd2 Qa1+ 15. Rd1 Qc3+ 16. Rd2 Be6 17. e3 Kf8 0-1


[Site "https://www.chess.com"]

[Event "Titled Tuesday Blitz September 27 Early 2022"]
[White "Ovchinnikov, Vsevolod"]
[Black "Niekras, Dawid"]
[WhiteFideId "24176842"]
[BlackFideId "1160451"]
[WhiteElo "2376"]
[BlackElo "2296"]
[Result "1-0"]
[Round "11"]
[TimeControl "180+1"]
[Date "2022.09.27"]
[WhiteClock "0:00:50"]
[BlackClock "0:00:14"]

1. Nf3 g6 2. d4 Bg7 3. g3 Nf6 4. b3 O-O 5. Bb2 b6 6. Bg2 Bb7 7. O-O e6 8. c4 d5 9. Ne5 Nbd7 10. Nc3 c6 11. Nd3 Rc8 12. e3 Qc7 13. Rc1 Qb8 14. cxd5 exd5 15. b4 Rfd8 16. b5 c5 17. Nf4 cxd4 18. exd4 Nf8 19. Re1 Ne4 20. Nxe4 dxe4 21. Rxc8 Qxc8 22. Bxe4 Bxe4 23. Rxe4 Nd7 24. Qb3 Nf6 25. Re7 Rd7 26. Qxf7+ 1-0


[Site "https://www.chess.com"]

[Event "Titled Tuesday Blitz September 27 Early 2022"]
[White "Papp, Levente"]
[Black "Garv Gaur"]
[WhiteFideId "751243"]
[BlackFideId "45030839"]
[WhiteElo "2341"]
[BlackElo "1950"]
[Result "1-0"]
[Round "11"]
[TimeControl "180+1"]
[Date "2022.09.27"]
[WhiteClock "0:00:14"]
[BlackClock "0:00:02"]

1. b3 d5 2. Bb2 Bg4 3. c4 c6 4. h3 Bh5 5. g4 Bg6 6. Nf3 e6 7. d3 Nd7 8. Bg2 Ngf6 9. Nh4 Be7 10. Nxg6 hxg6 11. O-O Qc7 12. f4 Bc5+ 13. d4 Bd6 14. e3 b6 15. Nc3 a6 16. Qf3 Qb7 17. e4 dxe4 18. Nxe4 Nxe4 19. Qxe4 Rc8 20. f5 Nf6 21. Qd3 gxf5 22. gxf5 O-O 23. Rae1 exf5 24. Qxf5 Rce8 25. Rxe8 Rxe8 26. d5 Nh7 27. dxc6 Qe7 28. Bd5 Qe3+ 29. Kh1 Rf8 30. Rg1 Ng5 31. Rxg5 Qe1+ 32. Rg1 Qe2 33. Rxg7+ Kh8 34. Qh7# 1-0


[Site "https://www.chess.com"]

[Event "Titled Tuesday Blitz September 27 Early 2022"]
[White "Pinheiro, Iung Alicio de O."]
[Black "Omariev, Maksim"]
[WhiteFideId "2104350"]
[BlackFideId "4193423"]
[WhiteElo "2283"]
[BlackElo "2389"]
[Result "0-1"]
[Round "11"]
[TimeControl "180+1"]
[Date "2022.09.27"]
[WhiteClock "0:00:01"]
[BlackClock "0:00:03"]

1. e4 c5 2. Nf3 d6 3. c3 Nf6 4. h3 Nbd7 5. Bd3 b6 6. O-O Bb7 7. Re1 g6 8. Bc2 Bg7 9. d4 e6 10. e5 Nd5 11. exd6 O-O 12. Bg5 Qb8 13. dxc5 Nxc5 14. c4 Bxb2 15. cxd5 Bxa1 16. Be7 Bxd5 17. Nbd2 Bg7 18. Ne4 Nxe4 19. Bxe4 Bxe4 20. Rxe4 Qb7 21. Rh4 Rfe8 22. d7 Rxe7 23. d8=Q+ Rxd8 24. Qxd8+ Bf8 25. Ng5 Qd7 26. Qa8 Qb7 27. Qd8 Qc7 28. Qa8 Rd7 29. g3 Rd8 30. Qf3 h6 31. Ne4 Bg7 32. Kg2 Qe7 33. Rf4 f5 34. Nc3 e5 35. Rc4 e4 36. Qe2 Rd3 37. Nb5 Qd7 38. Rc7 Qxb5 39. Qc2 Kh7 40. Rf7 Qe5 41. Qc8 e3 0-1


[Site "https://www.chess.com"]

[Event "Titled Tuesday Blitz September 27 Early 2022"]
[White "Principe, Gerson"]
[Black "Carrasco Miranda, Andres"]
[WhiteFideId "3804550"]
[BlackFideId "3405990"]
[WhiteElo "2280"]
[BlackElo "2177"]
[Result "1-0"]
[Round "11"]
[TimeControl "180+1"]
[Date "2022.09.27"]
[WhiteClock "0:00:07"]
[BlackClock "0:00:40"]

1. d4 Nf6 2. Nf3 g6 3. g3 Bg7 4. Bg2 O-O 5. O-O d5 6. b3 c6 7. Bb2 Bf5 8. c4 a5 9. a3 Ne4 10. Nc3 Nd7 11. Rc1 Nxc3 12. Bxc3 Be4 13. e3 a4 14. cxd5 cxd5 15. Nd2 Bxg2 16. Kxg2 b5 17. bxa4 bxa4 18. Bb4 Re8 19. Rc6 e5 20. Nf3 e4 21. Nd2 Re6 22. Qc2 Qf6 23. Rc1 Bf8 24. Rc8 Rea6 25. Bxf8 Nxf8 26. Qc5 Rxc8 27. Qxc8 Kg7 28. Rc5 Rd6 29. Qa8 Ne6 30. Rxd5 Ng5 31. h4 Nf3 32. Rxd6 Qxd6 33. Nxe4 Ne1+ 34. Kf1 Qxa3 35. Kxe1 Qa1+ 36. Ke2 Qb2+ 37. Kf3 a3 38. Qa5 a2 39. Qe5+ Kg8 40. Nf6+ Kf8 41. Nd7+ Kg8 42. Qe8+ Kg7 43. Qf8# 1-0


[Site "https://www.chess.com"]

[Event "Titled Tuesday Blitz September 27 Early 2022"]
[White "Przybylski, Wojciech"]
[Black "Maltsevskaya, Aleksandra"]
[WhiteFideId "1117599"]
[BlackFideId "24174041"]
[WhiteElo "2133"]
[BlackElo "2243"]
[Result "1-0"]
[Round "11"]
[TimeControl "180+1"]
[Date "2022.09.27"]
[WhiteClock "0:00:05"]
[BlackClock "0:00:05"]

1. e4 c5 2. Nf3 e6 3. b3 Nc6 4. Bb5 b6 5. Bxc6 dxc6 6. Bb2 Ba6 7. d3 Nf6 8. O-O Be7 9. Nbd2 O-O 10. h3 b5 11. a4 bxa4 12. Rxa4 Bb5 13. Ra2 a5 14. Qa1 Qb6 15. Ne5 Rfd8 16. Ndc4 Bxc4 17. Nxc4 Qb7 18. Rxa5 Rxa5 19. Qxa5 Ra8 20. Qc3 Ne8 21. f4 f6 22. Ra1 Rxa1+ 23. Bxa1 Nc7 24. Qa5 Kf7 25. Bb2 Nb5 26. Qb6 Qa8 27. Qa5 Qb7 28. g4 h5 29. Kf2 hxg4 30. hxg4 Qc8 31. Qa1 Qh8 32. Kg2 Qh6 33. Qf1 Qh8 34. Qh1 Qa8 35. Qh5+ Kg8 36. f5 exf5 37. gxf5 Nd4 38. Bxd4 cxd4 39. Qe2 c5 40. Kf2 Bd8 41. e5 Qh1 42. Qf3 Qh2+ 43. Kf1 Kh7 44. e6 Be7 45. Qf2 Qh3+ 46. Ke2 g6 47. fxg6+ Kxg6 48. Qf3 Qh2+ 49. Kf1 f5 50. Qg2+ Qxg2+ 51. Kxg2 Kf6 52. Kf3 Kxe6 53. Nd2 Bg5 54. Nc4 Kd5 55. Ke2 Kc6 56. Ne5+ Kb5 57. Nf3 Bh6 58. Kd1 Kb4 59. Nh4 f4 60. Nf3 Bg7 61. Ng5 Bf6 62. Ne4 Bh4 63. Nd2 Kc3 64. Ne4+ Kb2 65. Nd2 Bf2 66. Nf3 Be3 67. Ne5 Kc3 68. Nf3 Kb4 69. Ke2 Kb5 70. Ne1 Bc1 71. Nf3 Kb4 72. Ne5 Kc3 73. Kd1 Be3 74. Nf3 Kb4 75. Ng5 Kb5 76. Ke2 Kc6 77. Ne4 Kd5 78. Ng5 Ke5 79. Kf3 Kf5 80. Ne4 Ke5 81. Nxc5 Kd5 82. Ne4 Kc6 83. Nf6 Kb5 84. Nd5 Kc5 85. Nxf4 Bd2 86. Ne2 Be3 87. Ke4 Bf2 88. Nf4 Be3 89. Ne6+ Kb4 90. Nxd4 Bg1 91. Ne2 Bb6 92. d4 Kb5 93. Kd3 Kb4 94. c3+ Kxb3 95. Nf4 Ba5 96. Nd5 Bd8 97. c4 Ka4 98. Nc3+ Kb4 99. Ne4 Bc7 100. Nf6 Bd8 101. Nd5+ Ka4 102. Nc3+ Kb4 103. Ne2 Bc7 104. Nc1 Bf4 105. Ne2 Bc7 106. Ng1 Bd8 107. Nf3 Bf6 108. Nd2 Ka4 109. Ke4 Kb4 110. Kd5 Kc3 111. Ne4+ 1-0


[Site "https://www.chess.com"]